 Dungeon Crawl Stone Soup version 0.18-a0-9-gd4dcb6f (webtiles) character file.

115 Ordine the Twirler (level 4, -3/37 HPs)
             Began as a Minotaur Gladiator on Nov 1, 2015.
             Slain by Crazy Yiuf
             ... wielding a +3 quarterstaff of chaos
              (8 damage)
             ... while paralysed by Crazy Yiuf
             ... on level 2 of the Dungeon.
             The game lasted 00:03:22 (1778 turns).

Ordine the Twirler (Minotaur Gladiator)             Turns: 1778, Time: 00:03:22

Health: -3/37      AC:  9    Str: 19    XL:     4   Next: 68%
Magic:  3/3        EV:  2    Int:  5    God:
Gold:   92         SH:  0    Dex: 12    Spells: 0 memorised, 3 levels left

rFire  . . .     SeeInvis .     a - +0 quarterstaff
rCold  . . .     Clarity  .     b - +0 leather armour
rNeg   . . .     SustAt   .     (shield currently unavailable)
rPois  .         Gourm    .     c - +1 hat
rElec  .         Spirit   .     (no cloak)
rCorr  .         Warding  .     (no gloves)
rMut   .         Stasis   .     (no boots)
MR     .....                    (no amulet)
Stlth  +.........               (no ring)
                                h - +5 ring of protection

@: paralysed, lethally poisoned (-3 -> -12), not resistant to hostile
enchantments, very unstealthy
A: retaliatory headbutt, horns 2
a: no special abilities


You were on level 2 of the Dungeon.
You were hungry.

You visited 1 branch of the dungeon, and saw 2 of its levels.

You collected 92 gold pieces.

Inventory:

Hand Weapons
 a - a +0 quarterstaff (weapon)
Missiles
 d - 3 throwing nets (quivered)
Armour
 b - a +0 leather armour (worn)
 c - a +1 hat (worn)
Jewellery
 h - a +5 ring of protection (left hand)
Wands
 m - a wand of invisibility (4)
 r - a wand of fireball (8)
Scrolls
 i - a scroll of identify
Potions
 f - a potion of curing
 g - a potion of brilliance {unknown}
 n - a potion of heal wounds {unknown}
Comestibles
 e - 2 bread rations
 l - 2 meat rations
 q - a beef jerky


   Skills:
 - Level 2.4 Fighting
 + Level 6.6 Staves
 - Level 2.0 Throwing
 - Level 3.2 Dodging


You had 3 spell levels left.
You didn't know any spells.

Dungeon Overview and Level Annotations

Branches:
Dungeon (2/15)

Altars:

Annotations:
D:2 Crazy Yiuf


Innate Abilities, Weirdness & Mutations

You reflexively headbutt those who attack you in melee.
You have a pair of horns on your head.


Message History

You closely miss Crazy Yiuf.
You headbutt Crazy Yiuf, but do no damage.
Crazy Yiuf closely misses you.
You barely miss Crazy Yiuf. Your headbutt misses Crazy Yiuf.
Crazy Yiuf hits you with a quarterstaff of chaos.
You thump Crazy Yiuf!
Crazy Yiuf is heavily wounded.
Crazy Yiuf hits you with a quarterstaff of chaos!
You suddenly lose the ability to move!
Crazy Yiuf hits you with a quarterstaff of chaos!
* * * LOW HITPOINT WARNING * * *
Crazy Yiuf hits you but does no damage. x2
Crazy Yiuf hits you with a quarterstaff of chaos.
* * * LOW HITPOINT WARNING * * *
You are lethally poisoned!
* * * LOW HITPOINT WARNING * * *
You feel sick.
Crazy Yiuf says, "Lay unthinkable sallow!"
Crazy Yiuf hits you with a quarterstaff of chaos!
You die...

####* ♣♣####
#)..#♣♣ ♣♣.#..##
#..g@.♣♣♣♣......#
#...#♣..♣..P....#
####*♣♣♣.♣.P#.#.#
♣♣♣♣♣##..# #.##
#############.#
#..........##.#
#......<......#
###
#.........<####


You could see Crazy Yiuf.

Vanquished Creatures
  Natasha (thrice) (D:2)
  2 adders (D:2)
  4 worms (D:2)
  A ball python (D:2)
  6 goblins
  4 hobgoblins
  6 jackals (D:1)
  6 kobolds
  10 bats
  5 giant cockroaches (D:1)
  2 giant newts (D:2)
  4 rats (D:1)
53 creatures vanquished.

Notes
Turn   | Place    | Note
--------------------------------------------------------------
     0 | D:1      | Ordine the Minotaur Gladiator began the quest for the Orb.
     0 | D:1      | Reached XP level 1. HP: 18/18 MP: 0/0
   144 | D:1      | Reached skill level 4 in Staves
   184 | D:1      | Reached XP level 2. HP: 12/25 MP: 1/1
   559 | D:1      | Reached skill level 5 in Staves
   816 | D:1      | Reached XP level 3. HP: 30/30 MP: 2/2
  1312 | D:2      | Noticed Natasha
  1320 | D:2      | Killed Natasha
  1320 | D:2      | Reached skill level 6 in Staves
  1320 | D:2      | Reached XP level 4. HP: 33/37 MP: 3/3
  1478 | D:2      | Noticed Natasha
  1483 | D:2      | Killed Natasha
  1544 | D:2      | Noticed Natasha
  1550 | D:2      | Killed Natasha
  1768 | D:2      | Noticed Crazy Yiuf
  1772 | D:2      | Paralysed by Crazy Yiuf for 7 turns
  1778 | D:2      | Slain by Crazy Yiuf

Vault maps used:
D:1:      lightli_molten_gateway
D:2:      uniq_natasha, uniq_crazy_yiuf_cottage

Action                   |  1- 3 |  4- 6 || total
-------------------------+-------+-------++-------
Melee: Quarterstaff      |    84 |    33 ||   117
  Use: Scroll            |     2 |     6 ||     8
 Stab: Sleeping          |       |     1 ||     1
  Eat: Chunk             |     1 |     1 ||     2
